[Event "Titled Tuesday Blitz June 20 Early 2023"]
[White "Mayaud, Raphael"]
[Black "Kjartansson, David"]
[WhiteFideId "627151"]
[BlackFideId "2301130"]
[WhiteElo "2191"]
[BlackElo "2333"]
[Result "0-1"]
[Round "1"]
[TimeControl "180+2"]
[Date "2023.06.20"]
[WhiteClock "0:00:00"]
[BlackClock "0:01:19"]
[Board "156"]

1. e4 d6 2. Nf3 Nf6 3. Nc3 Nbd7 4. Bc4 c6 5. O-O b5 6. Bb3 a5 7. a4 b4 8. Ne2 Nxe4 9. d3 Nec5 10. c4 e6 11. d4 Nxb3 12. Qxb3 Be7 13. Be3 O-O 14. c5 d5 15. h3 Ba6 16. Qc2 Bf6 17. Rfd1 g6 18. g4 Bg7 19. b3 Qe7 20. h4 e5 21. dxe5 Nxe5 22. Nxe5 Bxe5 23. Nd4 Qxh4 24. Kg2 Qxg4+ 0-1


[Site "https://www.chess.com"]

[Event "Titled Tuesday Blitz June 20 Early 2023"]
[White "Skawinski, Arkadiusz"]
[Black "Pavlidou, Ekaterini"]
[WhiteFideId "1126415"]
[BlackFideId "4213262"]
[WhiteElo "2218"]
[BlackElo "2126"]
[Result "1-0"]
[Round "1"]
[TimeControl "180+2"]
[Date "2023.06.20"]
[WhiteClock "0:00:22"]
[BlackClock "0:00:00"]
[Board "157"]

1. e4 c5 2. Nf3 e6 3. c3 d5 4. exd5 Qxd5 5. d4 Nf6 6. Be3 cxd4 7. cxd4 Bb4+ 8. Nc3 Nc6 9. Bd3 Qa5 10. O-O Bxc3 11. bxc3 O-O 12. Bg5 Nd5 13. c4 Ndb4 14. Bb1 h6 15. a3 hxg5 16. axb4 Qd8 17. b5 Nb8 18. Ne5 g6 19. Qd3 Qf6 20. Ra3 Nd7 21. Ng4 Qh8 22. Qe3 Qh4 23. h3 Kg7 24. Qc3 f6 25. Re1 Re8 26. c5 Nf8 27. c6 b6 28. d5 e5 29. d6 Bxg4 30. hxg4 Ne6 31. Qh3 Qxh3 32. gxh3 Nd4 33. Bd3 Re6 34. Bc4 Rxd6 35. Rea1 Nc2 36. Rxa7+ Rxa7 37. Rxa7+ Kf8 38. c7 Rd1+ 39. Kh2 Rd2 40. c8=Q+ 1-0


[Site "https://www.chess.com"]

[Event "Titled Tuesday Blitz June 20 Early 2023"]
[White "Afanasieva, Alexandra"]
[Black "djokovic74"]
[WhiteFideId "34126926"]
[WhiteElo "1736"]
[BlackElo "2620"]
[Result "0-1"]
[Round "1"]
[TimeControl "180+2"]
[Date "2023.06.20"]
[WhiteClock "0:00:00"]
[BlackClock "0:01:11"]
[Board "158"]

1. e4 e6 2. d4 d5 3. Nc3 Nf6 4. Bg5 Be7 5. e5 Nfd7 6. Bxe7 Qxe7 7. f4 a6 8. Nf3 c5 9. Ne2 Nc6 10. c3 O-O 11. Ng3 f6 12. Bd3 fxe5 13. fxe5 cxd4 14. cxd4 Qb4+ 15. Qd2 Qxd2+ 16. Kxd2 Nb6 17. Rhf1 Bd7 18. Nh5 Nb4 19. Bb1 Nc4+ 20. Kc3 a5 21. a3 Na6 22. b3 Ne3 23. Rg1 Be8 24. Ng3 Nxg2 25. Rxg2 Rxf3+ 26. Kb2 Rc8 27. Bc2 Rcc3 28. Rag1 g6 29. Nh5 a4 30. Nf6+ Kf8 31. Nxe8 Kxe8 32. bxa4 Rxa3 33. h4 Nb4 34. h5 Ra2+ 35. Kc1 Nxc2 36. Rxc2 Ra1+ 0-1


[Site "https://www.chess.com"]

[Event "Titled Tuesday Blitz June 20 Early 2023"]
[White "Gubajdullin, Alexei"]
[Black "Martin, Lewis"]
[WhiteFideId "4141202"]
[BlackFideId "410551"]
[WhiteElo "2279"]
[BlackElo "2145"]
[Result "1-0"]
[Round "1"]
[TimeControl "180+2"]
[Date "2023.06.20"]
[WhiteClock "0:00:45"]
[BlackClock "0:00:03"]
[Board "159"]

1. d4 d5 2. Nf3 Nf6 3. Bf4 c6 4. e3 e6 5. c4 Nbd7 6. Nc3 dxc4 7. Bxc4 b5 8. Be2 Bb7 9. O-O Be7 10. a4 a6 11. axb5 cxb5 12. Ne5 O-O 13. Bf3 Bxf3 14. Qxf3 Nxe5 15. dxe5 Nd7 16. Rfd1 Qc7 17. Qg3 Rfd8 18. Ne4 Nf8 19. h4 Rxd1+ 20. Rxd1 Qc2 21. Qf3 Rd8 22. Rf1 Bxh4 23. b4 Ng6 24. Bh2 Be7 25. Nd6 Nxe5 26. Bxe5 Bxd6 27. Rd1 Be7 28. Rxd8+ Bxd8 29. Qa8 Qd1+ 30. Kh2 Qd7 31. Bd4 f6 32. g3 Kf7 33. Qxa6 e5 34. Bc5 Be7 35. Qa2+ Qe6 36. Qa7 f5 37. Qb7 Kf6 38. Qxb5 Bxc5 39. bxc5 f4 40. c6 f3 41. c7 Kf5 42. Qd3+ e4 43. Qd8 Qh6+ 44. Kg1 Qh3 45. c8=Q+ Kg6 46. Qxh3 1-0


[Site "https://www.chess.com"]

[Event "Titled Tuesday Blitz June 20 Early 2023"]
[White "Bueno, Alfeu Junior Varela"]
[Black "Pastar, Slaven"]
[WhiteFideId "2108879"]
[BlackFideId "14402718"]
[WhiteElo "2175"]
[BlackElo "2219"]
[Result "1-0"]
[Round "1"]
[TimeControl "180+2"]
[Date "2023.06.20"]
[WhiteClock "0:00:08"]
[BlackClock "0:00:09"]
[Board "160"]

1. e4 b6 2. d4 Bb7 3. Bd3 Nf6 4. Qe2 e6 5. Nf3 d5 6. e5 Ne4 7. Nbd2 Nxd2 8. Bxd2 c5 9. c3 Be7 10. O-O a5 11. a4 Ba6 12. Bb5+ Bxb5 13. axb5 Qd7 14. b3 O-O 15. Ne1 Rc8 16. f4 c4 17. bxc4 Rxc4 18. Nd3 Qxb5 19. f5 Nd7 20. fxe6 fxe6 21. Qg4 Qc6 22. Bh6 g6 23. Nf4 Nxe5 24. dxe5 Bf8 25. Nxg6 Rxg4 26. Rxf8+ Rxf8 27. Ne7+ Kf7 28. Nxc6 Rc8 29. Rf1+ Ke8 30. Nd4 Rxc3 31. Nb5 Rc2 32. Nd6+ Kd7 33. g3 Ra4 34. Be3 Kc6 35. Rb1 b5 36. Nxb5 Raa2 37. Nd4+ Kc7 38. Nxc2 Rxc2 39. Rc1 Rxc1+ 40. Bxc1 a4 41. Kf2 Kc6 42. Ke3 Kb5 43. Kd4 Kb4 44. Kd3 Kb3 45. g4 a3 46. Bxa3 Kxa3 47. g5 Kb4 48. h4 Kc5 49. h5 d4 50. g6 hxg6 51. hxg6 Kd5 52. g7 Kxe5 53. g8=Q Kd5 54. Qg2+ Kc5 55. Qe4 Kd6 56. Kxd4 Ke7 57. Ke5 Kf7 58. Qb7+ 1-0


[Site "https://www.chess.com"]

[Event "Titled Tuesday Blitz June 20 Early 2023"]
[White "Srdanovic, Jovana"]
[Black "Vaglio Munoz, Jaime"]
[WhiteFideId "954810"]
[BlackFideId "6500145"]
[WhiteElo "2155"]
[BlackElo "2199"]
[Result "1-0"]
[Round "1"]
[TimeControl "180+2"]
[Date "2023.06.20"]
[WhiteClock "0:00:21"]
[BlackClock "0:00:44"]
[Board "161"]

1. d4 c6 2. c4 b5 3. cxb5 cxb5 4. e4 Bb7 5. Bd3 Nf6 6. Qe2 Nc6 7. Nf3 Nb4 8. d5 e6 9. O-O a6 10. dxe6 dxe6 11. Rd1 Qc7 12. e5 Nxd3 13. Qxd3 Rd8 14. Qxd8+ Qxd8 15. Rxd8+ Kxd8 16. exf6 gxf6 17. Be3 Bxf3 18. gxf3 Kc7 19. Nd2 Kb7 20. a4 b4 21. Rc1 Be7 22. Ne4 a5 23. Nc5+ Kb8 24. Nd7+ Kb7 25. Nc5+ Kb8 26. Ne4 Kb7 27. Kf1 h5 28. b3 h4 29. Rc4 h3 30. Bc5 Bd8 31. Bd4 Rh6 32. Nd6+ Ka6 33. Rc6+ Bb6 34. Rxb6+ Ka7 35. Rb5+ Ka6 36. Rb8 e5 37. Ra8# 1-0


[Site "https://www.chess.com"]

[Event "Titled Tuesday Blitz June 20 Early 2023"]
[White "Skaric, Djuro"]
[Black "Eugene, Floryan"]
[WhiteFideId "934569"]
[BlackFideId "20694784"]
[WhiteElo "2282"]
[BlackElo "2369"]
[Result "1/2-1/2"]
[Round "1"]
[TimeControl "180+2"]
[Date "2023.06.20"]
[WhiteClock "0:00:05"]
[BlackClock "0:00:07"]
[Board "162"]

1. g3 g6 2. Bg2 Bg7 3. e4 c5 4. Nc3 Nc6 5. f4 e6 6. Nf3 Nge7 7. O-O O-O 8. h3 a6 9. g4 b5 10. d3 d5 11. e5 d4 12. Ne2 Nd5 13. Ng3 Qb6 14. Kh2 Qc7 15. Qe2 Bb7 16. g5 Nce7 17. Nh4 Nf5 18. Bxd5 Nxh4 19. Be4 Rfd8 20. Bd2 h6 21. gxh6 Bxh6 22. Qg4 Nf5 23. Bxf5 exf5 24. Nxf5 Bf8 25. Ng3 Bc8 26. Qf3 Bb7 27. Ne4 Be7 28. Rf2 Kg7 29. Rg1 Rh8 30. Rg4 Rh7 31. Rfg2 Rah8 32. R2g3 Bc8 33. f5 Qxe5 34. fxg6 Rxh3+ 35. Kg1 Rh1+ 36. Kf2 R8h2+ 37. Rg2 f5 38. Bf4 Qe6 39. Bxh2 fxg4 40. Qf4 Bh4+ 41. Bg3 Qxg6 42. Qc7+ Qf7+ 43. Qxf7+ Kxf7 44. Bxh4 Rxh4 45. Kg3 Rh3+ 46. Kf4 Rf3+ 47. Ke5 Ke7 48. Nxc5 g3 49. Kxd4 Bh3 50. Rg1 g2 51. Re1+ Kf7 52. Ne4 Rf1 53. Ng5+ Kg6 54. Nxh3 Rxe1 55. Nf4+ Kf5 56. Nxg2 Re2 57. Ne3+ Ke6 58. b4 Rh2 59. a3 Rh4+ 60. Kc3 Rh3 61. Nd1 Rf3 62. Nb2 Kd5 63. a4 Rf1 64. axb5 axb5 65. Kb3 Rb1 66. Ka2 Rh1 67. Kb3 Kd4 68. c3+ Ke3 69. c4 Kd4 70. cxb5 Rh5 71. b6 Rb5 72. Nc4 Kxd3 73. Nb2+ Kd4 74. Na4 Ke5 75. Kc4 Rd5 76. b7 Rd8 77. Nc5 Kd6 78. Kb5 Kc7 79. Ka6 Kb8 80. b5 Rd6+ 81. Ka5 Ka7 82. Kb4 Rd4+ 83. Kc3 Rh4 84. Kb3 Kb8 85. Kc3 Kc7 86. Kb3 Rg4 87. Kc3 Rh4 88. Kb3 Rh1 89. Kb4 Rb1+ 90. Kc4 Kb8 91. Kd5 Rh1 92. b6 Rh6 93. Kc4 Rh7 94. Kb5 Rh1 95. Kc6 Rh6+ 96. Kb5 Rd6 97. Na4 Rd5+ 98. Nc5 Rd6 99. Ka5 Rf6 100. Kb5 Rh6 101. Ka5 Rh1 102. Kb5 Rh2 103. Kc6 Rh6+ 104. Kb5 Rd6 1/2-1/2


[Site "https://www.chess.com"]

[Event "Titled Tuesday Blitz June 20 Early 2023"]
[White "Ahmad, Khagan"]
[Black "Kohler, Aran"]
[WhiteFideId "13431552"]
[BlackFideId "1002856"]
[WhiteElo "2209"]
[BlackElo "2323"]
[Result "1-0"]
[Round "1"]
[TimeControl "180+2"]
[Date "2023.06.20"]
[WhiteClock "0:00:24"]
[BlackClock "0:00:02"]
[Board "163"]

1. d4 d5 2. Nc3 c6 3. e4 dxe4 4. Nxe4 Bf5 5. Ng3 Bg6 6. Nf3 Nd7 7. h4 h6 8. Bd3 Bxd3 9. Qxd3 e6 10. Bf4 Qa5+ 11. Bd2 Qc7 12. O-O-O Ngf6 13. Ne4 Nxe4 14. Qxe4 Nf6 15. Qe2 O-O-O 16. g3 Bd6 17. Kb1 Rhe8 18. c4 c5 19. Bc3 cxd4 20. Nxd4 a6 21. Rhe1 Kb8 22. Nf3 Ka8 23. Rd2 Rc8 24. Red1 Be7 25. Ne5 Bf8 26. Qf3 Bc5 27. g4 Re7 28. g5 hxg5 29. hxg5 Ne8 30. Rd7 Rxd7 31. Rxd7 Qb6 32. Qxf7 Bxf2 33. Re7 Nc7 34. Qf3 Bh4 35. Qg4 Bf2 36. a3 a5 37. Rxg7 Bd4 38. Qxd4 Qb3 39. Rxc7 1-0


[Site "https://www.chess.com"]

[Event "Titled Tuesday Blitz June 20 Early 2023"]
[White "Vifleemskaia, Svetlana"]
[Black "ArtemDyachuk"]
[WhiteFideId "4129490"]
[WhiteElo "1930"]
[BlackElo "2609"]
[Result "0-1"]
[Round "1"]
[TimeControl "180+2"]
[Date "2023.06.20"]
[WhiteClock "0:00:01"]
[BlackClock "0:01:38"]
[Board "164"]

1. d4 Nf6 2. c4 e6 3. Nc3 c5 4. d5 exd5 5. cxd5 d6 6. e4 g6 7. Bb5+ Nfd7 8. a4 Bg7 9. Nge2 O-O 10. O-O Na6 11. Ng3 Ne5 12. Re1 Qh4 13. Bf1 f5 14. f3 f4 15. Nge2 Nb4 16. Nxf4 Rxf4 17. Bxf4 Qxf4 18. Qe2 Ned3 19. g3 Qe5 20. Red1 Qd4+ 21. Kg2 c4 22. Nb5 Qc5 23. Rxd3 cxd3 24. Qxd3 Nxd3 0-1


[Site "https://www.chess.com"]

[Event "Titled Tuesday Blitz June 20 Early 2023"]
[White "Principe, Gerson"]
[Black "Jiganchine, Roman"]
[WhiteFideId "3804550"]
[BlackFideId "2603667"]
[WhiteElo "2229"]
[BlackElo "2318"]
[Result "1-0"]
[Round "1"]
[TimeControl "180+2"]
[Date "2023.06.20"]
[WhiteClock "0:00:11"]
[BlackClock "0:00:00"]
[Board "165"]

1. Nf3 d5 2. b3 Nf6 3. Bb2 e6 4. g3 c5 5. Bg2 Nc6 6. O-O Bd6 7. d4 a5 8. c4 a4 9. cxd5 exd5 10. dxc5 Bxc5 11. bxa4 Be6 12. Nc3 O-O 13. Nd2 Be7 14. Nb3 Qb6 15. e3 Rfd8 16. Qe2 Ne5 17. Qb5 Nc4 18. Qxb6 Nxb6 19. Rfd1 Nc4 20. Bc1 Bb4 21. Nb5 Rxa4 22. N3d4 Bf8 23. Nxe6 fxe6 24. e4 Ra5 25. Nc7 Kf7 26. Bg5 d4 27. Bd2 Ra4 28. Bh3 Rd6 29. Nxe6 Rxe6 30. Bxe6+ Kxe6 31. f3 Ne5 32. Kg2 Bc5 33. Bf4 Nc4 34. h4 h5 35. Bg5 Nd7 36. Kh3 Nde5 37. f4 Nf3 38. Kg2 Rb4 39. Kxf3 Rb2 40. f5+ Ke5 41. Bf4+ Kf6 42. Rab1 1-0


[Site "https://www.chess.com"]

[Event "Titled Tuesday Blitz June 20 Early 2023"]
[White "Samaganova, Aleksandra"]
[Black "Lenaerts, Lennert"]
[WhiteFideId "13800221"]
[BlackFideId "211435"]
[WhiteElo "1858"]
[BlackElo "2334"]
[Result "0-1"]
[Round "1"]
[TimeControl "180+2"]
[Date "2023.06.20"]
[WhiteClock "0:00:28"]
[BlackClock "0:01:08"]
[Board "166"]

1. c4 e5 2. Nc3 Bb4 3. Qc2 Nf6 4. g3 O-O 5. Bg2 c6 6. Nf3 Re8 7. O-O d5 8. cxd5 cxd5 9. d4 e4 10. Nd2 Nc6 11. e3 Bf5 12. h3 Qd7 13. Kh2 Rac8 14. Qa4 a6 15. a3 Bd6 16. Qd1 h5 17. Ne2 h4 18. Nf4 g5 19. Nh5 Qe7 20. Nxf6+ Qxf6 21. Qh5 Kg7 22. f4 exf3 23. Qxf3 Bxg3+ 24. Kg1 Ne7 25. e4 dxe4 26. Nxe4 Qxd4+ 27. Be3 Qxe4 28. Qxe4 Bxe4 29. Bxe4 Nc6 30. Bxc6 Rxe3 31. Bxb7 Rc2 32. Bg2 Ree2 33. Bd5 Bh2+ 34. Kh1 Bf4 35. Rad1 Rh2+ 36. Kg1 Be3+ 37. Rf2 Rhxf2 38. Kh1 Rh2# 0-1


[Site "https://www.chess.com"]

[Event "Titled Tuesday Blitz June 20 Early 2023"]
[White "ATM622"]
[Black "MunichMouse"]
[WhiteElo "2606"]
[BlackElo "2309"]
[Result "1-0"]
[Round "1"]
[TimeControl "180+2"]
[Date "2023.06.20"]
[WhiteClock "0:02:02"]
[BlackClock "0:00:00"]
[Board "167"]

1. d4 Nf6 2. c4 g6 3. g3 Bg7 4. Bg2 O-O 5. Nf3 d6 6. O-O Nbd7 7. Nc3 e5 8. d5 h6 9. e4 Ne8 10. Re1 f5 11. Nh4 Qf6 12. exf5 gxf5 13. f4 e4 14. Be3 Nc5 15. Bf1 a5 16. Rc1 b6 17. b3 Bd7 18. a3 Kh7 19. b4 axb4 20. axb4 Na4 21. Nb5 Nb2 22. Qb3 Rf7 23. Bd4 Qxd4+ 24. Nxd4 Bxd4+ 25. Kh1 Bf6 26. Ng2 Ba4 27. Qe3 Bd7 28. c5 bxc5 29. bxc5 Ba4 30. Re2 1-0


[Site "https://www.chess.com"]

[Event "Titled Tuesday Blitz June 20 Early 2023"]
[White "MAHanif"]
[Black "Kumsiashvili, Nikoloz"]
[BlackFideId "13600621"]
[WhiteElo "2307"]
[BlackElo "2299"]
[Result "0-1"]
[Round "1"]
[TimeControl "180+2"]
[Date "2023.06.20"]
[WhiteClock "0:00:00"]
[BlackClock "0:00:41"]
[Board "168"]

1. d4 Nf6 2. Nf3 g6 3. g3 Bg7 4. Bg2 O-O 5. O-O d5 6. Nbd2 c5 7. c3 Nc6 8. e3 b6 9. Ne5 Bb7 10. f4 Nb8 11. b3 Nbd7 12. Bb2 Ne8 13. Qf3 Ndf6 14. h4 Nd6 15. Qe2 Nf5 16. Qf2 h5 17. Bf3 Nd6 18. Qg2 Nde4 19. Nxe4 dxe4 20. Be2 Nd5 21. Qf2 cxd4 22. cxd4 Rc8 23. Rfc1 Kh7 24. Bc4 f6 25. Bxd5 Bxd5 26. Nc4 Qd7 0-1


[Site "https://www.chess.com"]

[Event "Titled Tuesday Blitz June 20 Early 2023"]
[White "Taichman, Ori"]
[Black "Calderin Gonzalez, Roberto"]
[WhiteFideId "2804069"]
[BlackFideId "5102979"]
[WhiteElo "2237"]
[BlackElo "2306"]
[Result "1-0"]
[Round "1"]
[TimeControl "180+2"]
[Date "2023.06.20"]
[WhiteClock "0:00:52"]
[BlackClock "0:00:00"]
[Board "169"]

1. e4 c5 2. Nf3 Nc6 3. Bb5 g6 4. c3 Bg7 5. d4 cxd4 6. cxd4 a6 7. Ba4 Nf6 8. Nc3 O-O 9. e5 Ne8 10. Bf4 d6 11. O-O Bg4 12. Bxc6 bxc6 13. h3 Bxf3 14. Qxf3 d5 15. Na4 Nc7 16. Nc5 Nb5 17. Qd3 e6 18. a4 Nc7 19. Bd2 Qe7 20. Ba5 Rfb8 21. b3 Rc8 22. f4 Bf8 23. g4 Qe8 24. b4 Bxc5 25. bxc5 Qd7 26. f5 Rcb8 27. Rab1 Qc8 28. Rb6 Rxb6 29. Bxb6 Kh8 30. fxg6 hxg6 31. Rxf7 Ne8 32. Qxg6 1-0


[Site "https://www.chess.com"]

[Event "Titled Tuesday Blitz June 20 Early 2023"]
[White "Sala, Giulia"]
[Black "Mendez Fortes, Eduardo Jesus"]
[WhiteFideId "2840451"]
[BlackFideId "3502376"]
[WhiteElo "1769"]
[BlackElo "2307"]
[Result "0-1"]
[Round "1"]
[TimeControl "180+2"]
[Date "2023.06.20"]
[WhiteClock "0:00:14"]
[BlackClock "0:00:47"]
[Board "170"]

1. e4 c5 2. c3 Nf6 3. d3 Nc6 4. g3 g6 5. Bg2 Bg7 6. Nf3 O-O 7. O-O e6 8. Be3 b6 9. Qc1 Re8 10. Bh6 Bh8 11. Ne1 Bb7 12. f4 d5 13. f5 dxe4 14. dxe4 Ne5 15. Qf4 Nh5 16. Qe3 exf5 17. Na3 Ng4 18. Qc1 Nxh6 19. Qxh6 Bg7 20. Qe3 Bxe4 21. Bxe4 Rxe4 22. Qf3 Qe7 23. Nec2 Re8 24. Rae1 Nf6 25. Nb5 a6 26. Nba3 b5 27. b3 Nd5 28. c4 Nb4 29. cxb5 Nxc2 30. Nxc2 axb5 31. Qd3 c4 32. bxc4 bxc4 33. Qxc4 Rxc4 34. Re2 Qxe2 0-1


[Site "https://www.chess.com"]

[Event "Titled Tuesday Blitz June 20 Early 2023"]
[White "Iskusnyh, Sergei"]
[Black "Ardila, Oscar Humberto"]
[WhiteFideId "4120027"]
[BlackFideId "4404742"]
[WhiteElo "2492"]
[BlackElo "1912"]
[Result "1-0"]
[Round "1"]
[TimeControl "180+2"]
[Date "2023.06.20"]
[WhiteClock "0:00:33"]
[BlackClock "0:00:07"]
[Board "171"]

1. d4 Nf6 2. c4 g6 3. g3 Bg7 4. Bg2 O-O 5. Nc3 d6 6. Nf3 Nbd7 7. O-O e5 8. e4 exd4 9. Nxd4 Re8 10. h3 Nc5 11. Re1 a5 12. Ndb5 Bf8 13. e5 dxe5 14. Qxd8 Rxd8 15. Nxc7 Rb8 16. Be3 Bf5 17. Red1 h5 18. b3 Nd3 19. N7d5 Nxd5 20. Nxd5 Nb4 21. Bg5 Rdc8 22. Ne7+ Bxe7 23. Bxe7 Nc6 24. Bd6 Ra8 25. Rd2 e4 26. Rad1 Re8 27. Rd5 Re6 28. Rb5 Rd8 29. c5 Ne5 30. Rxb7 Nf3+ 31. Kh1 Rc8 32. a3 Ng5 33. h4 Nf3 34. b4 axb4 35. axb4 Ra8 36. Rb8+ Rxb8 37. Bxb8 Re8 38. Bc7 Rc8 39. Rd8+ Rxd8 40. Bxd8 Bd7 41. Bf1 Nd2 42. Ba6 f5 43. b5 Kf7 44. c6 Be6 45. c7 Ke8 46. Bg5 Nc4 47. c8=Q+ Bxc8 48. Bxc8 Nd6 49. Ba6 Kd7 50. b6 Kc6 51. b7 Nxb7 52. Bxb7+ Kxb7 53. Kg1 Kc6 54. Kf1 Kd5 55. Ke2 Ke5 56. Bf4+ Ke6 57. Ke3 Kd5 58. Bb8 1-0


[Site "https://www.chess.com"]

[Event "Titled Tuesday Blitz June 20 Early 2023"]
[White "Georg, Heinz"]
[Black "Kononenko, Dmitry"]
[WhiteFideId "4607295"]
[BlackFideId "14113538"]
[WhiteElo "2302"]
[BlackElo "2198"]
[Result "0-1"]
[Round "1"]
[TimeControl "180+2"]
[Date "2023.06.20"]
[WhiteClock "0:00:00"]
[BlackClock "0:01:06"]
[Board "172"]

1. e4 d5 2. exd5 Qxd5 3. c4 Qa5 4. Nc3 Nf6 5. d4 c6 6. Bd3 Bg4 7. f3 Bh5 8. Ne2 Bg6 9. a3 e6 10. Nf4 Nbd7 11. Be3 Bxd3 12. Nxd3 Qc7 13. Qe2 Bd6 14. g3 O-O-O 15. O-O-O a6 16. c5 Be7 17. Bf4 Qa5 18. Nb4 Rhe8 19. Rhe1 Nd5 20. Ncxd5 exd5 21. Qc2 g6 22. Re2 Bf6 23. Rxe8 Rxe8 24. Bd6 Qb5 25. Kb1 Qe2 26. f4 Qxc2+ 27. Kxc2 Re2+ 28. Rd2 Rxd2+ 29. Kxd2 Bxd4 30. Nd3 Nf6 31. Ke2 Ne4 32. Be5 Bxc5 0-1


[Site "https://www.chess.com"]

[Event "Titled Tuesday Blitz June 20 Early 2023"]
[White "Arat, Ufuk Sezen"]
[Black "Buscar, Michael"]
[WhiteFideId "6309089"]
[BlackFideId "2603616"]
[WhiteElo "2289"]
[BlackElo "2010"]
[Result "1/2-1/2"]
[Round "1"]
[TimeControl "180+2"]
[Date "2023.06.20"]
[WhiteClock "0:00:09"]
[BlackClock "0:00:07"]
[Board "173"]

1. e4 c5 2. Nf3 Nc6 3. d4 cxd4 4. Nxd4 Nf6 5. Nc3 e5 6. Ndb5 h6 7. Nd6+ Bxd6 8. Qxd6 Qe7 9. Qxe7+ Kxe7 10. Bc4 d6 11. f3 Be6 12. Bb3 Nd4 13. Ne2 Nxb3 14. axb3 d5 15. exd5 Nxd5 16. Bd2 Rhd8 17. c4 Nc7 18. Rc1 f6 19. Nc3 Rd3 20. Ke2 Rad8 21. Be3 a6 22. Bb6 R3d7 23. Ne4 Rc8 24. Nc5 Rd6 25. Na4 Na8 26. Bc5 Rxc5 27. Nxc5 Bc8 28. Rhd1 Rxd1 29. Rxd1 Nc7 30. Ne4 Ne8 31. c5 Be6 32. b4 Bc4+ 33. Ke3 Bb5 34. g4 Bc6 35. h4 Nc7 36. Nc3 Ne6 37. Nd5+ Kf7 38. Nc3 Nf4 39. g5 Ng2+ 40. Kf2 Nxh4 41. gxh6 gxh6 42. Ne4 Nf5 43. Nd6+ Nxd6 44. cxd6 Ke6 45. Kg3 Bd5 46. f4 Kxd6 47. Kg4 exf4 48. Kxf4 Kc6 49. Kf5 Bf3 50. Rd4 Kb5 51. Kxf6 h5 52. Ke5 Bg4 53. Kd6 Bf3 54. Kc7 Bc6 55. Rh4 Ka4 56. Kb6 Kb3 57. Kc5 Kxb2 58. Rxh5 Kb3 59. Rh3+ Kc2 60. Re3 Kd2 61. Ra3 Kc2 62. Kc4 Bb5+ 63. Kd4 Bc6 64. Rc3+ Kb2 65. Re3 Bb5 66. Re7 Bc6 67. Kc5 Kb3 68. Rc7 Ka4 69. Re7 Bh1 70. Re1 Bc6 71. Kc4 Ka3 72. Ra1+ Kb2 73. Ra5 Kc2 74. Re5 Kb2 75. Re3 Kc2 76. Kc5 Kb2 77. Kd4 Kc2 78. Rc3+ Kb2 79. Kc4 Ka2 80. Kc5 Kb2 81. Rh3 Kc2 82. Rh6 Be4 83. Kb6 Kb3 84. Rh4 Bc6 85. Rd4 Kc3 86. Rf4 Kb3 87. Kc5 Kc3 88. Rh4 Kb3 89. Rh3+ Kc2 1/2-1/2


[Site "https://www.chess.com"]

[Event "Titled Tuesday Blitz June 20 Early 2023"]
[White "Modric, Nesa"]
[Black "Mortazavi, Ali"]
[WhiteFideId "922579"]
[BlackFideId "401323"]
[WhiteElo "2167"]
[BlackElo "2339"]
[Result "0-1"]
[Round "1"]
[TimeControl "180+2"]
[Date "2023.06.20"]
[WhiteClock "0:00:01"]
[BlackClock "0:00:18"]
[Board "174"]

1. e4 c6 2. d4 d5 3. e5 Bf5 4. Nf3 e6 5. Be2 Ne7 6. O-O Ng6 7. b3 Nd7 8. c4 f6 9. Bb2 fxe5 10. Nxe5 Ngxe5 11. dxe5 Qg5 12. Qd2 Qxd2 13. Nxd2 Bc5 14. cxd5 cxd5 15. Nf3 Bg4 16. h3 Bh5 17. g4 Bg6 18. Nd4 Ke7 19. f4 Be4 20. Bf3 Bxf3 21. Rxf3 h5 22. Kg2 hxg4 23. hxg4 Rh4 24. Rg3 Rah8 25. Kf3 Rh2 26. Bc3 Rf8 27. Ke3 g5 28. f5 Nxe5 29. fxe6 Rc2 30. Be1 Rf4 31. Rd1 Re4# 0-1


[Site "https://www.chess.com"]

[Event "Titled Tuesday Blitz June 20 Early 2023"]
[White "Ning, Kaiyu"]
[Black "Kovacsy, Barnabas"]
[WhiteFideId "8614750"]
[BlackFideId "769290"]
[WhiteElo "2287"]
[BlackElo "2130"]
[Result "0-1"]
[Round "1"]
[TimeControl "180+2"]
[Date "2023.06.20"]
[WhiteClock "0:00:09"]
[BlackClock "0:01:04"]
[Board "175"]

1. e4 c5 2. Nf3 e6 3. d4 cxd4 4. Nxd4 Nc6 5. Nc3 Qc7 6. g3 a6 7. Bg2 Nf6 8. O-O Nxd4 9. Qxd4 Bc5 10. Bf4 d6 11. Qd2 h6 12. Rad1 e5 13. Be3 Be6 14. Bxc5 dxc5 15. Nd5 Bxd5 16. exd5 Qd6 17. c4 O-O 18. Bh3 e4 19. Rde1 Rfe8 20. b3 Re5 21. f4 exf3 22. Rxf3 Rae8 23. Rfe3 Rxe3 24. Rxe3 Rxe3 25. Qxe3 b6 26. a3 a5 27. Bf5 g6 28. Bc8 Kg7 29. Kg2 h5 30. Qe2 Qc7 31. Ba6 Qd6 32. Bb5 Qc7 33. h3 Qd6 34. Qe3 Qc7 35. Kf3 Kf8 36. Qh6+ Ke7 37. Qg5 Qd6 38. Ke3 Qc7 39. Kd3 Qd6 40. Kc2 Qc7 41. b4 axb4 42. axb4 Qd6 43. Kb3 Qc7 44. bxc5 bxc5 45. h4 Qd6 46. Bc6 Kd8 47. Ka4 Kc7 48. Qd2 Kd8 49. Qa5+ Ke7 50. Qa7+ Kf8 51. Kb5 Ne4 52. Qa8+ Kg7 53. Qe8 Nxg3 54. Qe4 Nxe4 0-1


[Site "https://www.chess.com"]

[Event "Titled Tuesday Blitz June 20 Early 2023"]
[White "Cesar Maestre, Bernardo"]
[Black "Ilkhomi, Jaloliddin"]
[WhiteFideId "24542547"]
[BlackFideId "14700948"]
[WhiteElo "2271"]
[BlackElo "2045"]
[Result "0-1"]
[Round "1"]
[TimeControl "180+2"]
[Date "2023.06.20"]
[WhiteClock "0:00:02"]
[BlackClock "0:00:16"]
[Board "176"]

1. d4 Nf6 2. Nf3 e6 3. c4 b6 4. g3 Bb7 5. Bg2 Be7 6. O-O O-O 7. Re1 d5 8. cxd5 exd5 9. Nc3 Nbd7 10. Bf4 a6 11. h4 Ne4 12. Nxe4 dxe4 13. Nd2 Nf6 14. e3 Bd6 15. Bxd6 Qxd6 16. Qc2 Qe7 17. Rac1 Rac8 18. Bh3 h6 19. Bxc8 Rxc8 20. Nc4 Qe6 21. Ne5 Bd5 22. b3 Qh3 23. Qe2 g5 24. hxg5 hxg5 25. Qxa6 Kg7 26. Qf1 Qh5 27. Qg2 Ng4 28. Qh1 Qxh1+ 29. Kxh1 Nxf2+ 30. Kg1 Nd3 31. Nxd3 exd3 32. Rcd1 Be4 33. Rd2 Rh8 34. Rg2 Bxg2 35. Kxg2 Ra8 36. a4 b5 37. Ra1 bxa4 38. bxa4 g4 39. Kf2 Kf6 40. Ke1 Kf5 41. Kd2 Ke4 42. a5 Ra6 43. Ra3 f5 44. Ra4 c6 45. Ra1 Kf3 46. Kxd3 Kxg3 47. e4 f4 48. e5 f3 49. e6 Kf4 50. e7 Ra8 51. a6 g3 52. a7 g2 53. Kd2 f2 54. Ke2 g1=Q 0-1


[Site "https://www.chess.com"]

[Event "Titled Tuesday Blitz June 20 Early 2023"]
[White "Atanasov, Anthony"]
[Black "Brueckner, Thomas"]
[WhiteFideId "2623897"]
[BlackFideId "4600452"]
[WhiteElo "2328"]
[BlackElo "2319"]
[Result "1-0"]
[Round "1"]
[TimeControl "180+2"]
[Date "2023.06.20"]
[WhiteClock "0:01:55"]
[BlackClock "0:00:00"]
[Board "177"]

1. d4 d5 2. Nf3 e6 3. Bf4 Bd6 4. e3 Ne7 5. Nbd2 Ng6 6. Bg3 h5 7. Bd3 h4 8. Bxd6 cxd6 9. Bxg6 fxg6 10. c4 dxc4 11. Qc2 Qf6 12. Ne4 Qe7 13. Neg5 Qf6 14. Qxc4 Nc6 15. d5 exd5 16. Qxd5 h3 17. O-O hxg2 18. Rfd1 Bg4 19. Qe4+ Ne5 20. Nxe5 Qxe5 21. Qxg6+ Kd7 22. Qf7+ Qe7 23. Rxd6+ Kxd6 24. Qf4+ Kd7 25. Qxg4+ Ke8 26. Rc1 Rd8 27. Ne6 Rb8 28. Rc7 Qf6 29. Nxg7+ Kf8 30. Ne6+ Ke8 31. Qa4+ b5 32. Qe4 1-0


[Site "https://www.chess.com"]

[Event "Titled Tuesday Blitz June 20 Early 2023"]
[White "Ziatdinov, Raset"]
[Black "Domingo Nunez, Ruben"]
[WhiteFideId "2015323"]
[BlackFideId "22245570"]
[WhiteElo "2220"]
[BlackElo "2404"]
[Result "0-1"]
[Round "1"]
[TimeControl "180+2"]
[Date "2023.06.20"]
[WhiteClock "0:01:44"]
[BlackClock "0:02:14"]
[Board "178"]

1. e4 g6 2. d4 Bg7 3. Nc3 c6 4. Nf3 d5 5. e5 f6 6. h4 Bg4 7. Be2 Bxf3 8. Bxf3 fxe5 9. dxe5 Bxe5 10. h5 Qd6 11. hxg6 hxg6 12. Ke2 Nd7 13. Be3 Rxh1 14. Qxh1 Qb4 15. Qh7 O-O-O 16. Rb1 Bxc3 0-1


[Site "https://www.chess.com"]